 Dungeon Crawl Stone Soup version 0.29-a0-542-g075992c915 (webtiles) character file.

Game seed: 12579611267318985552

155 Malachi the Grave Robber (level 5, 0/35 HPs)
             Began as a Mummy Necromancer on June 4, 2022.
             Slain by a black bear (3 damage)
             ... on level 3 of the Dungeon.
             The game lasted 00:09:18 (3001 turns).

Malachi the Grave Robber (Mummy Necromancer)        Turns: 3001, Time: 00:09:18

Health: 0/35       AC:  3    Str: 11    XL:     5   Next: 14%
Magic:  1/11       EV: 12    Int: 17    God:
Gold:   146        SH:  0    Dex: 12    Spells: 8/12 levels left

rFire   x . .      SeeInvis .   (no weapon)
rCold   + . .      Faith    .   (no shield)
rNeg    + + +      Spirit   .   h - +0 robe
rPois   ∞          Reflect  .   (no helmet)
rElec   .          Harm     .   d - +0 cloak
rCorr   .          Rampage  .   (no gloves)
Will    .....                   (no boots)
Stlth   ++........              (no amulet)
HPRegen 0.11/turn               (no ring)
MPRegen 0.12/turn               (no ring)

@: no status effects
A: cold resistance 1, negative energy resistance 3, torment resistance 2, heat
vulnerability 1, in touch with death 1, no potions
a: no special abilities


You were on level 3 of the Dungeon.
You visited 1 branch of the dungeon, and saw 3 of its levels.

You collected 146 gold pieces.

Inventory:

Missiles
 j - a throwing net
 m - 3 poisoned darts
Armour
 d - a +0 cloak (worn)
 h - a +0 robe (worn)
Magical Staves
 f - a staff of conjuration
Jewellery
 i - a +4 ring of evasion
Scrolls
 a - a scroll of poison {unknown}
 b - a scroll of immolation {unknown}
 c - a scroll of magic mapping {unknown}
 e - a scroll of teleportation {unknown}
 g - 5 scrolls of identify {unknown}
 k - a scroll of enchant armour {unknown}
 l - a scroll of vulnerability {unknown}
 n - a scroll of enchant weapon {unknown}


   Skills:
 + Level 0.1 Fighting
 - Level 1.5 Dodging
 - Level 1.5 Stealth
 + Level 4.3 Spellcasting
 * Level 5.8 Necromancy


You had 8 spell levels left.
You knew the following spells:

 Your Spells              Type           Power      Damage    Failure   Level
a - Necrotize             Necr           100%       1d9       1%          1
b - Vampiric Draining     Necr           35%        2d8       4%          3

Your spell library contained the following spells:

 Spells                   Type           Power      Damage    Failure   Level
 Animate Dead             Necr           35%        N/A       14%         4
 Agony                    Necr           35%        N/A       36%         5
 Petrify                  Tmut/Erth      3%         N/A       83%         4
 Metabolic Englaciation   Hex/Ice        1%         N/A       99%         5
 Statue Form              Tmut/Erth      Unusable   N/A       N/A         6

Dungeon Overview and Level Annotations

Branches:
Dungeon (3/15)

Altars:
Uskayaw

Shops:
D:3 =


Innate Abilities, Weirdness & Mutations

You are immune to poison.
Your flesh is cold resistant. (rC+)
You are immune to negative energy. (rN+++)
You are immune to unholy pain and torment.
You are vulnerable to heat. (rF-)
You are in touch with the powers of death.
You do not drink.


Message History

Press: ? - help, Q - select action, (/) - cycle Shift-Dir - straight line, f/p - black bear
Aim: a black bear (lightly wounded, chance to affect: 83%)
You feel a surge of power!
The black bear writhes in agony!
The black bear bites you. The black bear misses you.
The black bear claws you but does no damage.
Casting: Necrotize (safe; 1% risk of failure)
Confirm with . or Enter, or press ? or * to list all spells.
Aiming: Vampiric Draining (dangerous; 4% risk of failure)
Press: ? - help, Shift-Dir - straight line, f/p - black bear
Aim: a black bear (heavily wounded)
You feel a surge of power!
You draw life force from the black bear!
You feel life coursing into your body.
The black bear goes berserk!
Unknown command.
Casting: Vampiric Draining (dangerous; 4% risk of failure)
Confirm with . or Enter, or press ? or * to list all spells.
Aiming: Vampiric Draining (dangerous; 4% risk of failure)
Press: ? - help, Shift-Dir - straight line, f/p - black bear
Aim: a black bear (severely wounded, berserk)
You feel a surge of power!
You draw life force from the black bear.
The black bear bites you.
The black bear claws you but does no damage.
The black bear claws you. The black bear closely misses you. x2
The black bear claws you but does no damage.
Unknown command.
Aiming: Necrotize (safe; 1% risk of failure)
Press: ? - help, Q - select action, (/) - cycle Shift-Dir - straight line, f/p - black bear
Aim: a black bear (almost dead, berserk, chance to affect: 83%)
You feel a surge of power!
The black bear writhes in agony.
The black bear barely misses you. The black bear closely misses you.
The black bear claws you.
Unknown command.
The black bear barely misses you. The black bear claws you. x2
* * * LOW HITPOINT WARNING * * *
The black bear attacks as you move away!
The black bear bites you.
* * * LOW HITPOINT WARNING * * *
The black bear claws you.
You die...

#.# #[#<# #.##.# # #.#
#.#.## #.##.# # # #.#
####.#.#. #....# # # #.#
#......#.#####..### # #
#.######.##.###.#...#..#####
#
#.......<.....#.#.#.[.......
#
###########.#.#b..##########
#.#.##..##### #@#.........#
#h#########.# #........
#########


You could see a black bear (berserk).

Vanquished Creatures
  A scorpion (D:3)
  3 adders (D:2)
  3 dart slugs
  4 orcs
  6 ball pythons
  4 endoplasms
  A giant cockroach (D:2)
  7 goblins
  5 hobgoblins
  5 kobolds
  2 quokkas
  2 bats (D:1)
  A frilled lizard (D:1)
  7 rats
51 creatures vanquished.

Vanquished Creatures (collateral kills)
  A dart slug (D:3)
  A goblin (D:2)
  A rat (D:1)
3 creatures vanquished.

Grand Total: 54 creatures vanquished

Notes
Turn   | Place    | Note
-------+----------+-------------------------------------------
     0 | D:1      | Malachi the Mummy Necromancer began the quest for the Orb.
     0 | D:1      | Reached XP level 1. HP: 13/13 MP: 4/4
   412 | D:1      | Found a faded altar of an unknown god.
   558 | D:1      | Reached XP level 2. HP: 19/19 MP: 1/5
  1121 | D:2      | Gained mutation: You are in touch with the powers of death.
                  | [Mummy growth]
  1121 | D:2      | Reached XP level 3. HP: 24/24 MP: 3/7
  1350 | D:2      | Reached skill level 5 in Necromancy
  1913 | D:3      | Noticed a black bear
  2002 | D:2      | Learned a level 3 spell: Vampiric Draining
  2011 | D:2      | Reached XP level 4. HP: 26/30 MP: 4/9
  2317 | D:3      | Noticed a +0 short sword
  2318 | D:3      | Noticed a +0 falchion
  2318 | D:3      | Noticed a +0 falchion
  2318 | D:3      | Noticed a +0 dagger
  2319 | D:3      | Noticed a +0 spear
  2319 | D:3      | Noticed a +0 dagger
  2320 | D:3      | Noticed a +0 short sword
  2320 | D:3      | Noticed a +0 spear
  2339 | D:3      | Found a hide-covered altar of Uskayaw.
  2401 | D:3      | Noticed a scorpion
  2407 | D:3      | Killed a scorpion
  2408 | D:3      | Reached XP level 5. HP: 35/35 MP: 5/11
  2900 | D:3      | Found Gostogu's Jewellery Emporium.
  3001 | D:3      | Slain by a black bear

Illustrated notes

Levels and vault maps discovered:
D:1:      ncdulo_halloftheorcs, layout_rooms, shapermc_ecumenical_altar_venn
D:2:      layout_loops_ring
D:3:      layout_basic, nicolae_uskayaw_en_pointe, serial_shops, shop_statue

Skill      XL: |  1  2  3  4 |
---------------+-------------+-----
Spellcasting   | 3 4 |  4.3
Necromancy     | 5 |  5.8
Fighting       | |  0.1
Dodging        | |  1.5
Stealth        | |  1.5

Action                   |  1- 3 |  4- 6 || total
-------------------------+-------+-------++-------
 Cast: Necrotize         |    60 |    34 ||    94
       Vampiric Draining |       |     3 ||     3
Armor: Robe              |     4 |     5 ||     9
Dodge: Dodged            |    10 |    22 ||    32

Table legend: (Time is in decaauts)
 A = Elapsed time spent in this place.
 B = Non-inter-level travel time spent in this place.
 C = Inter-level travel time spent in this place.
 D = Time resting spent in this place.
 E = Time spent auto-exploring this place.
 F = Levels seen in this place.
 G = Mean time per level.
                   A        B        C        D        E       F      G
               +--------+--------+--------+--------+--------+-----+--------+
         Total |   3002 |   2871 |    131 |    306 |   2120 |   3 | 1000.7 |
       Dungeon |   3002 |   2871 |    131 |    306 |   2120 |   3 | 1000.7 |
               +--------+--------+--------+--------+--------+-----+--------+

Top non-repeatable levels by time:
     D:2: 1178 daAuts
     D:3: 928 daAuts
     D:1: 896 daAuts
